Map: Ascension to Aiur LE

Players

LiquidSnute (Snute) - Winner!

  • Race: Zerg Zerg
  • League: Master
  • Spawn Location: 11:00

AxImpact (Impact)

  • Race: Zerg Zerg
  • League: Diamond
  • Spawn Location: 5:00

Event: HomeStory Cup XVI

VOD

Have the link to the VOD?

Description

Time

  • Played on: Nov. 12, 2017, 8:46 a.m.
  • Length: 15:22

All games in this series

Show
View Real Time Build Order
Export as new Build Order

LiquidSnute Zerg - Winner!

Build Orders: Hatch First 

Get SALT Encoding   

  12  0:00  Drone  
  13  0:12  Overlord  
  13  0:16  Drone  
  14  0:30  Drone x2  
  14  0:34  Drone  
  17  0:51  Hatchery  
  17  0:55  Drone  
  17  0:58  Drone  
  17  1:00  Extractor  
  17  1:13  Spawning Pool  
  17  1:16  Drone  
  17  1:20  Drone  
  18  1:28  Drone  
  19  1:38  Overlord  
  19  1:49  Drone  
  20  2:00  Queen, Metabolic Boost  
  22  2:03  Queen  
  22  2:04  Drone  
  22  2:08  Zergling x2  
  26  2:12  Zergling x2  
  26  2:14  Zergling x2  
  28  2:21  Drone  
  29  2:25  Drone  
  30  2:32  Drone  
  30  2:35  Drone  
  32  2:43  Zergling x2  
  33  2:44  Hatchery  
  33  2:46  Drone  
  33  2:51  Baneling Nest  
  33  2:55  Overlord  
  33  2:57  Drone  
  33  3:04  Drone  
  32  3:07  Drone x2  
  32  3:09  Drone x2  
  35  3:15  Zergling x6  
  35  3:19  Zergling x2  
  39  3:24  Zergling x2  
  40  3:28  Overlord  
  40  3:35  Baneling x2  
  40  3:37  Drone x2  
  40  3:40  Extractor  
  40  3:43  Drone x3  
  40  3:47  Drone x2  
  45  3:48  Drone x2  
  45  3:50  Queen  
  45  3:53  Overlord  
  49  4:01  Zergling x4  
  51  4:05  Zergling x2  
  51  4:07  Baneling  
  51  4:09  Zergling x4  
  53  4:10  Queen  
  53  4:14  Zergling x6  
  53  4:16  Zergling x2  
  53  4:21  Zergling x6  
  53  4:24  Baneling x2  
  54  4:34  Zergling x10  
  56  4:41  Drone  
  53  4:46  Extractor x2, Lair  
  53  4:51  Drone x4  
  55  4:56  Drone  
  56  5:00  Drone x4  
  59  5:07  Hatchery  
  59  5:09  Drone  
  59  5:13  Drone  
  59  5:21  Overlord x2  
  59  5:27  Overlord  
  58  5:31  Baneling x2  
  58  5:33  Overlord  
  58  5:40  Zergling x2  
  58  5:41  Zergling x12  
  65  5:47  Spire  
  64  5:50  Baneling x2  
  63  6:01  Drone x2  
  63  6:02  Drone  
  65  6:04  Overlord  
  65  6:10  Hydralisk Den  
  64  6:11  Zergling x6  
  64  6:12  Zergling x4  
  64  6:16  Spine Crawler  
  64  6:17  Spine Crawler  
  68  6:18  Zergling x2  
  68  6:19  Zergling x2  
  68  6:21  Spine Crawler  
  69  6:27  Spine Crawler  
  69  6:29  Zergling x4  
  69  6:35  Spine Crawler  
  68  6:40  Zergling x8  
  68  6:41  Zergling x6  
  68  6:45  Zergling x2  
  76  7:00  Mutalisk x2  
  80  7:05  Mutalisk x4  
  86  7:10  Mutalisk x4  
  88  7:19  Zergling x2  
  88  7:21  Mutalisk  
  88  7:29  Mutalisk  
  82  7:31  Zergling x2  
  75  7:38  Mutalisk  
  73  7:47  Zerg Flyer Weapons Level 1  
  73  7:48  Mutalisk  
  73  7:51  Zergling x2  
  76  7:55  Hatchery, Zergling x4  
  76  7:59  Evolution Chamber  
  76  8:04  Roach Warren  
  74  8:07  Zergling x8  
  74  8:11  Zergling x4  
  80  8:16  Zergling x2  
  80  8:17  Zergling x2  
  82  8:27  Mutalisk x2  
  85  8:42  Drone  
  85  8:43  Drone x5  
  91  8:48  Overlord  
  91  8:51  Hatchery  
  90  8:59  Zerg Missile Weapons Level 1  
  90  9:07  Overlord  
  90  9:09  Queen  
  92  9:25  Roach x6  
  104  9:31  Roach  
  104  9:37  Roach, Overlord x3  
  107  9:42  Overlord  
  106  9:52  Overlord  
  105  9:58  Roach x4  
  111  10:00  Hatchery  
  111  10:04  Roach  
  112  10:10  Roach  
  116  10:14  Roach  
  116  10:22  Roach x5  
  126  10:33  Roach x3  
  132  10:39  Roach x2  
  136  10:44  Roach x2  
  140  10:50  Overlord  
  140  10:53  Overlord  
  140  11:01  Zerg Missile Weapons Level 2  
  140  11:12  Ravager x5  
  140  11:13  Ravager x2, Glial Reconstitution  
  140  11:15  Roach  
  149  11:21  Roach x2  
  153  11:26  Roach x2  
  157  11:34  Roach x2, Unknown  
  157  11:35  Roach  
  157  11:37  Overlord  
  163  11:50  Roach  
  163  11:51  Roach x3  
  163  11:52  Centrifical Hooks  
  169  11:59  Zergling x2  
  169  12:00  Zergling x8  
  174  12:03  Queen  
  174  12:05  Zergling x2  
  174  12:06  Zergling x2  
  178  12:12  Overlord  
  178  12:19  Pneumatized Carapace  
  178  12:20  Overseer  
  178  12:34  Zergling x8  
  178  12:35  Zergling x8  
  186  12:46  Overlord x2  
  186  12:51  Overseer  
  186  12:56  Baneling x3  
  186  12:57  Baneling x12  
  186  13:03  Overlord x2  
  186  13:09  Baneling x4  
  186  13:13  Hatchery  
  186  13:14  Roach  
  186  13:17  Baneling x2  
  187  13:26  Roach x3  
  187  13:36  Roach x4  
  187  13:39  Baneling x2  
  189  13:52  Overseer x2  
  189  13:58  Zergling x2  
  189  13:59  Extractor, Zergling x20  
  199  14:10  Baneling x8  
  183  14:27  Roach x2  
  183  14:28  Roach x6  
  195  14:37  Roach x4  
  169  14:43  Roach x3  
  158  14:49  Roach x2  
  136  14:58  Roach x2  
  121  15:03  Zergling x2  
  121  15:04  Zergling x10  
Show
View Real Time Build Order
Export as new Build Order

AxImpact Zerg 

Build Orders: Hatch First, Lurkers, Zergling Baneling 

Get SALT Encoding   

  12  0:00  Drone  
  13  0:13  Overlord  
  13  0:16  Drone  
  14  0:31  Drone x2  
  14  0:35  Drone  
  17  0:52  Hatchery  
  17  0:55  Drone  
  17  1:00  Drone  
  18  1:09  Extractor  
  17  1:14  Spawning Pool  
  17  1:17  Drone  
  17  1:20  Drone  
  18  1:30  Drone  
  19  1:39  Overlord  
  19  2:01  Queen, Zergling x4  
  21  2:03  Queen  
  21  2:04  Zergling x2  
  26  2:09  Metabolic Boost  
  26  2:13  Drone  
  26  2:15  Drone  
  28  2:24  Drone  
  28  2:26  Drone  
  30  2:30  Baneling Nest  
  30  2:34  Drone  
  30  2:37  Drone  
  31  2:44  Zergling x2  
  31  2:49  Overlord  
  32  2:55  Drone  
  33  3:04  Hatchery  
  31  3:09  Zergling x4  
  31  3:10  Zergling x2  
  34  3:12  Zergling x2  
  34  3:16  Zergling x2  
  35  3:20  Zergling x4  
  35  3:23  Zergling x2  
  35  3:25  Zergling x2  
  38  3:30  Drone x2  
  38  3:31  Baneling  
  40  3:35  Drone  
  40  3:39  Drone  
  42  3:43  Baneling x2  
  42  3:45  Zergling x4  
  44  3:49  Overlord  
  44  3:52  Baneling x2  
  43  4:08  Drone  
  43  4:09  Drone  
  45  4:10  Drone  
  45  4:12  Drone  
  45  4:13  Drone  
  45  4:14  Drone  
  45  4:15  Drone x4  
  45  4:16  Baneling  
  52  4:17  Drone x2  
  52  4:18  Baneling x2  
  52  4:24  Queen  
  53  4:27  Drone  
  53  4:42  Extractor, Drone x3  
  53  4:43  Drone x2  
  53  4:44  Roach Warren  
  53  4:45  Extractor  
  52  4:46  Zergling x4  
  52  4:48  Zergling x4  
  52  4:51  Zergling x4  
  58  4:59  Overlord  
  57  5:02  Baneling  
  55  5:07  Overlord  
  53  5:16  Overlord x2  
  53  5:26  Roach  
  53  5:27  Roach x8  
  69  5:30  Roach  
  69  5:33  Roach  
  75  5:35  Roach  
  75  5:39  Roach  
  75  5:42  Overlord  
  79  5:50  Roach  
  79  5:51  Roach  
  81  5:59  Roach, Overlord  
  81  6:01  Overlord  
  81  6:03  Roach x2  
  85  6:08  Zergling x8  
  88  6:13  Zergling x4  
  88  6:14  Baneling x3  
  88  6:15  Baneling  
  90  6:19  Zergling x4  
  90  6:21  Zergling x4  
  94  6:28  Zergling x8  
  94  6:30  Zergling x2  
  99  6:33  Baneling x3  
  99  6:34  Baneling  
  99  6:39  Overlord  
  99  6:40  Baneling  
  99  6:41  Roach  
  99  6:43  Roach  
  99  6:46  Roach  
  102  6:49  Roach  
  102  6:52  Roach  
  105  6:54  Roach  
  105  6:56  Roach  
  111  7:01  Roach  
  111  7:05  Roach, Zergling x2  
  111  7:06  Zergling x2  
  111  7:08  Zergling x2  
  116  7:10  Zergling x2  
  116  7:13  Zergling x2  
  114  7:17  Zergling x2  
  110  7:23  Zergling x2  
  110  7:26  Zergling x2  
  110  7:27  Zergling x2  
  110  7:29  Drone  
  100  7:31  Extractor  
  100  7:32  Queen  
  98  7:37  Drone x2  
  98  7:40  Queen  
  88  7:45  Drone x2  
  88  7:49  Lair  
  88  7:50  Spore Crawler  
  85  7:52  Spore Crawler  
  85  7:55  Spore Crawler  
  74  7:59  Drone x2  
  74  8:01  Drone  
  74  8:04  Drone  
  78  8:07  Roach  
  78  8:08  Evolution Chamber  
  78  8:11  Roach  
  79  8:15  Drone  
  79  8:16  Roach  
  79  8:19  Queen  
  84  8:23  Queen  
  86  8:29  Drone x2  
  86  8:31  Drone  
  86  8:32  Spore Crawler, Drone  
  86  8:34  Drone  
  86  8:36  Drone  
  86  8:39  Zerg Missile Weapons Level 1  
  86  8:40  Drone  
  89  8:43  Overlord  
  89  8:49  Overlord  
  89  8:51  Hydralisk Den  
  88  8:58  Evolution Chamber  
  88  8:59  Baneling x2  
  87  9:03  Overlord x2  
  87  9:04  Overlord  
  87  9:09  Drone x3  
  90  9:20  Overlord x2  
  90  9:21  Extractor  
  90  9:22  Drone  
  90  9:23  Extractor, Drone  
  90  9:24  Drone x4  
  91  9:27  Muscular Augments  
  91  9:29  Overlord  
  94  9:37  Roach x4  
  101  9:41  Hydralisk x2  
  101  9:44  Roach  
  107  9:46  Hydralisk  
  107  9:49  Hydralisk  
  109  9:53  Zerg Ground Armor Level 1  
  109  9:55  Hydralisk  
  109  9:57  Hydralisk  
  111  10:00  Glial Reconstitution  
  111  10:02  Hydralisk  
  111  10:05  Hydralisk  
  115  10:09  Overlord, Overseer  
  115  10:12  Hydralisk  
  117  10:15  Hydralisk  
  117  10:18  Hydralisk  
  120  10:22  Burrow  
  120  10:30  Hydralisk x3  
  120  10:34  Hydralisk  
  120  10:35  Hydralisk  
  126  10:38  Hydralisk  
  126  10:41  Hydralisk  
  132  10:44  Drone  
  132  10:45  Extractor, Drone  
  132  10:46  Drone  
  135  10:50  Drone  
  135  10:53  Zerg Missile Weapons Level 2  
  135  10:55  Roach  
  137  10:57  Overlord  
  137  10:59  Overlord  
  137  11:03  Overlord  
  137  11:11  Overlord  
  137  11:12  Overlord  
  137  11:17  Roach Warren  
  137  11:18  Hydralisk, Lurker Den  
  137  11:19  Tunneling Claws  
  137  11:22  Roach  
  137  11:23  Hydralisk  
  142  11:26  Hydralisk  
  142  11:28  Hydralisk  
  142  11:32  Hydralisk  
  148  11:34  Hydralisk  
  148  11:38  Hydralisk  
  152  11:41  Hydralisk  
  152  11:43  Overlord  
  152  11:45  Drone  
  152  11:46  Drone  
  153  11:47  Drone  
  153  11:52  Hydralisk  
  156  11:58  Overlord x3  
  156  12:01  Overlord  
  156  12:04  Roach  
  156  12:07  Roach  
  160  12:13  Roach x2  
  160  12:14  Roach  
  160  12:15  Zergling x2  
  167  12:16  Roach x7  
  167  12:24  Hatchery  
  167  12:26  Hydralisk  
  168  12:37  Hydralisk x4  
  168  12:42  Roach x2  
  178  12:47  Roach  
  178  12:48  Roach  
  178  12:50  Roach  
  182  12:52  Lurker  
  182  12:53  Lurker x2  
  182  12:54  Lurker  
  182  12:56  Lurker  
  186  13:01  Roach x2  
  190  13:05  Hydralisk  
  190  13:06  Roach  
  194  13:13  Roach x3  
  194  13:19  Overlord  
  200  13:20  Pneumatized Carapace  
  200  13:23  Hydralisk x2  
  200  13:24  Hydralisk x2  
  200  13:25  Overlord, Hydralisk  
  195  13:38  Lurker x5  
  195  13:41  Roach  
  199  13:42  Unknown  
  199  13:43  Extractor, Drone  
  193  13:50  Drone  
  193  13:51  Lurker  
  193  13:52  Lurker x4  
  193  13:53  Hydralisk  
  198  14:07  Roach x6  
  198  14:13  Roach x2  
  198  14:14  Roach  
  198  14:15  Hatchery  
  195  14:18  Roach x3  
  195  14:19  Roach x3  
  195  14:21  Roach x10  
  195  14:22  Roach x2  
  195  14:23  Roach x2  
  175  14:30  Roach x3  
  170  14:34  Roach x2  
  170  14:36  Roach  
  140  14:41  Roach x2  
  140  14:42  Roach x3  
  140  14:43  Roach x2  
  132  14:45  Roach  
  132  14:49  Roach x2  
  132  14:50  Roach x3  
  132  14:52  Roach  
Tags
 
Add a new tag
Caveats
  • Supply blocks, unpowered buildings, or Contaminate may cause inaccurate times.
  • Supply counts are checked every 10 seconds.